 Dungeon Crawl Stone Soup version 0.18.1-50-g88ac8fd (webtiles) character file.

146 RudyRod the Sneak (level 5, 0/49 HPs)
             Began as a Naga Fighter on Oct 13, 2016.
             Slain by Crazy Yiuf
             ... wielding a +4 quarterstaff of chaos
              (13 damage)
             ... on level 3 of the Dungeon.
             The game lasted 00:08:38 (2323 turns).

RudyRod the Sneak (Naga Fighter)                    Turns: 2323, Time: 00:08:39

Health: 0/49       AC:  6    Str: 25    XL:     5   Next: 28%
Magic:  3/5        EV:  6    Int:  8    God:
Gold:   133        SH:  9    Dex: 10    Spells: 0 memorised, 4 levels left

rFire  . . .     SeeInvis +     a - +0 trident
rCold  . . .     Gourm    .     b - +0 scale mail
rNeg   . . .     Faith    .     c - +0 shield
rPois  +         Spirit   .     p - +0 helmet
rElec  .         Dismiss  +     (no cloak)
rCorr  .         Reflect  .     (no gloves)
SustAt .         Harm     .     (no barding)
MR     .....                    o - amulet of dismissal
Stlth  +.........               (no ring)
                                (no ring)

@: mighty, short of breath, drained, very slow, not resistant to hostile
enchantments, very unstealthy
A: see invisible, deformed body, poison resistance, slowness 2, slow metabolism
1, spit poison 2, AC +1
a: Spit Poison


You were on level 3 of the Dungeon.
You were hungry.

You visited 1 branch of the dungeon, and saw 3 of its levels.

You collected 133 gold pieces.

Inventory:

Hand Weapons
 a - a +0 trident (weapon)
Armour
 b - a +0 scale mail (worn)
 c - a +0 shield (worn)
 p - a +0 helmet (worn)
Jewellery
 o - an amulet of dismissal (around neck)
 q - a +3 ring of intelligence {unknown}
Scrolls
 e - 3 scrolls of fear {unknown}
 j - a scroll of identify {unknown}
 k - a scroll of amnesia {unknown}
 n - a scroll of teleportation {unknown}
 s - 3 scrolls of remove curse {unknown}
 t - a scroll of magic mapping {unknown}
Potions
 g - a potion of mutation {unknown}
 h - 2 potions of brilliance {unknown}
 i - a potion of ambrosia {unknown}
 r - a potion of agility {unknown}
 u - a potion of degeneration {unknown}
 w - a potion of lignification {unknown}
Comestibles
 f - 3 bread rations
 l - 2 meat rations
 m - 2 beef jerkies


   Skills:
 + Level 3.2(2.9) Fighting
 + Level 2.2(2.0) Polearms
 + Level 3.0(2.7) Armour
 * Level 1.9(1.7) Dodging
 * Level 3.7(3.5) Stealth
 + Level 2.8(2.6) Shields


You had 4 spell levels left.
You didn't know any spells.

Dungeon Overview and Level Annotations

Branches:
Dungeon (3/15)

Altars:
Kikubaaqudgha

Annotations:
D:3 Crazy Yiuf


Innate Abilities, Weirdness & Mutations

You cannot wear boots.
Your serpentine skin is tough (AC +1).
You have supernaturally acute eyesight.
Armour fits poorly on your strangely shaped body.
Your system is resistant to poisons.
You cover ground very slowly.
You have a slow metabolism.
You can spit poison.


Message History

Crazy Yiuf burns you.
You completely miss Crazy Yiuf.
Crazy Yiuf is heavily wounded.
You feel less confused.
You have got your breath back.
You block Crazy Yiuf's attack.
Press: ? - help, Shift-Dir - straight line, f/p - Crazy Yiuf
Aim: Crazy Yiuf, wielding a quarterstaff of chaos and wearing a cloak (heavily wounded)
The splash of poison hits Crazy Yiuf.
Crazy Yiuf is poisoned.
Crazy Yiuf is severely wounded.
You feel slightly more hungry.
Crazy Yiuf hits you with a quarterstaff of chaos.
* * * LOW HITPOINT WARNING * * *
Drink which item? (? for menu, Esc to quit)
You feel very mighty all of a sudden. Crazy Yiuf barely misses you.
You closely miss Crazy Yiuf.
Crazy Yiuf is severely wounded.
Crazy Yiuf hits you with a quarterstaff of chaos!
You die...

..# ..# ..# ..# ..#
#.# #.# ### ♣♣####
#.# #)..# ♣♣P.#.##
#.#
#....g♣♣♣♣PP@...#
#.# ♣..♣.Pg....# #.#
♣♣♣.♣.♣.#..# #.#
♣♣♣♣♣##.## #.# #.#
..# ##### #.# ..##
#.#.#######.#
...#####.#.........#
.>.##....#.#########


You could see Crazy Yiuf.

Vanquished Creatures
  Ijyb (D:3)
  4 gnolls (D:2)
  2 adders (D:2)
  A worm (D:2)
  A dart slug (D:1)
  2 giant geckos
  4 orcs (D:3)
  6 bats
  2 giant cockroaches (D:2)
  7 goblins
  6 hobgoblins
  3 jackals (D:1)
  A ball python (D:2)
  2 giant newts
  6 kobolds
  6 rats
  A fungus (D:3)
55 creatures vanquished.

Notes
Turn   | Place    | Note
--------------------------------------------------------------
     0 | D:1      | RudyRod the Naga Fighter began the quest for the Orb.
     0 | D:1      | Reached XP level 1. HP: 21/21 MP: 1/1
   112 | D:1      | Reached XP level 2. HP: 24/28 MP: 2/2
   193 | D:1      | Reached skill level 1 in Stealth
   622 | D:2      | Reached XP level 3. HP: 32/34 MP: 3/3
   660 | D:2      | Reached skill level 1 in Dodging
   667 | D:2      | Reached XP level 4. HP: 19/42 MP: 4/4
   830 | D:2      | Found an ancient bone altar of Kikubaaqudgha.
  2084 | D:3      | Reached XP level 5. HP: 49/49 MP: 5/5
  2103 | D:3      | Noticed Ijyb
  2118 | D:3      | Killed Ijyb
  2304 | D:3      | Noticed Crazy Yiuf
  2323 | D:3      | Slain by Crazy Yiuf

Skill      XL: |  1  2  3  4  5 |
---------------+----------------+-----
Stealth        | 2 3 |  3.7
Dodging        | 1 |  1.9
Armour         | 3 |  3.0
Fighting       | |  3.2
Polearms       | |  2.2
Shields        | |  2.8

Action                   |  1- 3 |  4- 6 || total
-------------------------+-------+-------++-------
Melee: Trident           |    67 |   128 ||   195
 Abil: Spit Poison       |     4 |    14 ||    18
  Use: Potion            |       |     1 ||     1
  Eat: Chunk             |       |     4 ||     4
Armor: Scale mail        |    13 |    44 ||    57
Dodge: Dodged            |    18 |    24 ||    42
Block: Shield            |    39 |    50 ||    89
